groovejumper, chaotic female elven Wizard -------------------------- |>......^^^^^^^^^^^^^^^^.| |.......----------------.| -------.------ |.| |...........| |.| |.0.0.0.0.0.| |.| --------.----| |.| |.0.0....m@0.| |.| |............| |.| -----.-------- ------|.| |.0.%0.0...| --|.....|.| |........0.| |.+.....|.| |.0.....0.-- |-|.....|.| -------.---- |.+.....+.| |.0.0.0..| |-|.....|-- |........| |.+.....| |...------ --|.....| ----- ------- groovejumper the Thaumaturge Experience level: 9 Strength: 15 Dexterity: 11 Constitution: 16 Intelligence: 20 Wisdom: 12 Charisma: 10 Health: 0(47) Energy: 91(91) AC: 8 Gold: 507 Moves: 10242 Your Inventory: Coins $ - 507 gold pieces Weapons a - a blessed +1 quarterstaff U - a blessed fireproof [+2] quarterstaff of stealth (weapon in hands) W - an [uncursed +0] quarterstaff [of stealth] Armor b - an uncursed rotted +0 cloak of magic resistance (being worn) g - an [uncursed] +0 leather armor [of cold resistance] (being worn) Comestibles f - an [uncursed] cram ration w - an uncursed carrot I - 3 [uncursed stale] eggs S - 10 [uncursed] food rations Scrolls e - an [uncursed] scroll of earth i - an uncursed scroll of magic mapping j - 2 uncursed scrolls of identify k - an uncursed scroll of remove curse v - 4 uncursed unlabeled scrolls [of blank paper] y - a cursed scroll labeled VELOX NEB [of enchant armor] B - an uncursed scroll labeled VAS CORP BET MANI [of destroy armor] T - an [uncursed] scroll labeled ANDOVA BEGARIN [of enchant weapon] X - an [uncursed] scroll labeled ELAM EBOW [of create monster] Potions h - 2 blessed clear potions [of holy water] m - a [cursed] orange potion [of restore ability] o - a blessed yellow potion [of blindness] p - an uncursed black potion [of booze] t - an uncursed luminescent potion [of object detection] H - an [uncursed] clear potion [of water] J - a [cursed] clear potion [of unholy water] Rings d - an uncursed ring of polymorph z - a cursed [-1] jacinth ring [of protection] D - an uncursed wire ring [of poison resistance] G - an [uncursed] coral ring [of stealth] Wands x - an uncursed marble wand [of opening (0:8)] Spells known in the end: Name Level Category Fail Memory a - force bolt 1 attack 0% [||||....] b - slow monster 2 enchantment 0% [||||....] c - wizard lock 2 matter 0% [|||||||.] Your skills at the end: Fighting Skills Weapon Skills quarterstaff [Skilled / Expert] Spellcasting Skills attack spells [Skilled / Expert] enchantment spells [Basic / Skilled] Final Attributes: You were piously aligned. Hunger level was 407. Your alignment was 60 / 61. Monster difficulty range was 0 - 7. Level difficulty was 5. You were immune to cold. You were immune to sleep. You were magic-protected. You saw invisible. You were telepathic. You had infravision. You were stealthy. You were held by a giant mimic. Your luck was zero. You are dead. Vanquished creatures: a leather golem a giant beetle 2 lynxes a leprechaun 2 giant spiders a horse a black light a vampire bat 2 dwarf mummies 2 brown puddings a werewolf 5 chickatrices a dog a dingo 2 dwarf lords 4 apes a rope golem 4 soldier ants a wood nymph a water nymph 2 orc shamans a rock mole 2 fog clouds 3 yellow lights 2 shriekers a violet fungus 2 gnome lords a gnomish wizard a red naga hatchling a black naga hatchling 4 elf zombies a paper golem a wax golem a baby crocodile a giant ant a little dog 2 floating eyes 3 kittens 4 dwarves 2 kobold lords 2 kobold shamans 18 hill orcs a rothe a rabid rat a centipede a giant bat a monkey an orc zombie 10 dwarf zombies a werejackal an iguana 13 killer bees an acid blob 2 coyotes 2 gas spores a hobbit 12 manes 2 large kobolds a hobgoblin 12 giant rats 3 cave spiders a brown mold a red mold 3 gnomes 8 garter snakes a gnome zombie 3 geckos 3 jackals a kobold 4 sewer rats 6 grid bugs 3 lichens a kobold zombie 14 newts 207 creatures vanquished. Voluntary challenges: You used a wielded weapon 159 times. You read items or engraved 30 times. You put on armor 3 times. You never genocided any monsters. You never polymorphed an object. You never changed form. You used no wishes. You wrote Elbereth's name 18 times. You never encountered a bones level. You used 2 Sokoban shortcuts. Dungeon overview: The Dungeons of Doom: levels 1 to 8 Level 1 a long staircase Level 2 a long staircase Level 5 a delicatessen, a fountain Level 6 an altar to Anhur, a fountain Level 7 many fountains Level 8 some fountains, a sink stairs to Sokoban Sokoban: levels 5 to 7 Level 5 <- You were here Level 7 a magic chest stairs to The Dungeons of Doom History has recorded: On T:1 you entered the Dungeons of Doom to retrieve the Amulet of Yendor! On T:379 you reached level 2 of The Dungeons of Doom. On T:544 you advanced to experience level 2. On T:718 you reached level 3 of The Dungeons of Doom. On T:839 you advanced to experience level 3. On T:891 you advanced to experience level 4. On T:1123 you reached level 4 of The Dungeons of Doom. On T:1164 you advanced to experience level 5. On T:1258 you advanced to experience level 6. On T:1628 you reached level 5 of The Dungeons of Doom. On T:1935 you advanced to experience level 7. On T:2202 you reached level 6 of The Dungeons of Doom. On T:4516 you advanced to experience level 8. On T:4868 you received a fireproof quarterstaff of stealth from Anhur. On T:7112 you reached level 7 of The Dungeons of Doom. On T:7243 you received advice from The Oracle. On T:7428 you advanced to experience level 9. On T:7693 you reached level 8 of The Dungeons of Doom. On T:7866 you reached level 3 of Sokoban. On T:8639 you reached level 2 of Sokoban. On T:10086 you reached level 1 of Sokoban. Latest messages: [HP+1=42] m - an orange potion. You see here a black naga hatchling corpse. With great effort you move the boulder. [HP+1=43] [HP+1=44] With great effort you move the boulder. [HP+1=45] With great effort you move the boulder. [HP+1=46] [HP+1=47] You see here a black naga hatchling corpse. With great effort you move the boulder. I - an egg. Wait! That's a giant mimic! The giant mimic hits! (2x) [HP-23=24] You silently hit the giant mimic! [HP+1=25] You silently hit the giant mimic! (3x) The giant mimic hits! (2x) You die... Final status: Goodbye groovejumper the Wizard... You died in Sokoban on dungeon level 5 with 2885 points, and 507 pieces of gold, after 10242 moves. You were level 9 with a maximum of 47 hit points when you died.